 Dungeon Crawl Stone Soup version 0.15.2 (webtiles) character file.

32934 Heini the Bludgeoner (level 13, -4/125 HPs)
             Began as a Minotaur Fighter on Feb 5, 2015.
             Was the Champion of Okawaru.
             Slain by Heini's ghost (17 damage)
             ... on Level 4 of the Orcish Mines.
             The game lasted 00:59:07 (16012 turns).

Heini the Bludgeoner (Minotaur Fighter)            Turns: 16012, Time: 00:59:07

HP  -4/125       AC 29     Str 25      XL: 13   Next: 34%
MP   9/9         EV 11     Int  5      God: Okawaru [******]
Gold 1313        SH  0     Dex 11      Spells:  0 memorised, 12 levels left

rFire  . . .     SeeInvis .     z - +1 great mace (holy)
rCold  . . .     Clarity  .     x - +1 plate armour
rNeg   . . .     rCorr    +     (no shield)
rPois  .         rRot     .     q - +1 hat
rElec  .         Spirit   .     t - +0 cloak
SustAb .         Warding  .     W - +0 pair of gloves
rMut   .         Stasis   .     p - +2 pair of boots
Gourm  .                        e - amulet of resist corrosion
MR     .....                    b - +5 ring of protection
                                V - +4 ring of evasion

@: drained, not resistant to hostile enchantments, extremely unstealthy
A: retaliatory headbutt, horns 2, slow healing 1, forlorn
a: Heroism, Finesse, Renounce Religion


You were on level 4 of the Orcish Mines.
You worshipped Okawaru.
Okawaru was exalted by your worship.
You were near starving.

You visited 3 branches of the dungeon, and saw 20 of its levels.
You also visited: Ossuary.

You collected 1613 gold pieces.
You spent 300 gold pieces at shops.

Inventory:

Hand weapons
 z - a +1 great mace of holy wrath (weapon)
Armour
 p - a +2 pair of boots (worn)
 q - a +1 hat (worn)
 t - a +0 cloak (worn)
 x - a +1 plate armour (worn)
 W - a +0 pair of gloves (worn)
Magical devices
 w - a wand of digging (7)
 C - a wand of confusion (10)
 E - a wand of digging (14)
 O - a wand of fire (0)
 P - a wand of polymorph (14)
Comestibles
 d - 7 bread rations
 o - 4 slices of pizza
 r - 6 meat rations
 A - 3 beef jerkies
 U - 3 fruits
Scrolls
 a - a scroll of immolation {unknown}
 h - 2 scrolls of magic mapping
 i - a scroll of fog
 j - 2 scrolls of remove curse
 k - 6 scrolls of teleportation
 n - a scroll of amnesia
 u - 8 scrolls of enchant armour
 y - 3 scrolls of enchant weapon
 H - 3 scrolls of fear
 I - 3 scrolls of recharging
 K - a scroll of blinking
 L - a scroll of silence
 S - 4 scrolls of identify
Jewellery
 b - a +5 ring of protection (right hand)
 c - an uncursed ring of poison resistance
 e - an amulet of resist corrosion (around neck)
 m - an uncursed ring of see invisible
 M - a +5 ring of dexterity
 Q - an uncursed ring of sustain abilities
 V - a +4 ring of evasion (left hand)
Potions
 f - a potion of flight
 g - 3 potions of resistance
 l - a potion of magic
 s - 9 potions of curing
 v - a potion of agility
 B - 3 potions of haste
 D - 2 potions of berserk rage
 F - 2 potions of restore abilities
 R - 4 potions of brilliance
 T - a potion of invisibility


   Skills:
 * Level 14.6(13.2) Fighting
 * Level 17.6(16.2) Maces & Flails
 * Level 13.4(12.1) Armour
   Level 3.6(2.6) Shields
 + Level 1.9(0.9) Evocations


You had 12 spell levels left.
You didn't know any spells.

Dungeon Overview and Level Annotations

Branches:
Dungeon (15/15)            Temple (1/1) D:4             Orc (4/4) D:12
    Elf (0/3) Orc:3          Lair (0/8) D:11         Depths (0/5) D:15
 Vaults: D:13-14

Altars:
Ashenzari
Cheibriados
Dithmenos
Elyvilon
Fedhas
Kikubaaqudgha
Makhleb
Nemelex Xobeh
Okawaru
Qazlal
Sif Muna
Trog
Vehumet
Xom
Yredelemnul
Zin
The Shining One
Beogh

Shops:
D:6 [   Orc:2 [[[**

Annotations:
D:14 exclusion: ice statue
Orc:4 Heini's ghost, powerful MiFi


Innate Abilities, Weirdness & Mutations

You reflexively headbutt those who attack you in melee.
You have a pair of horns on your head.
You heal slowly when monsters are visible.
You have difficulty communicating with the divine.


Message History

The orc warrior hits you with a hand axe!
* * * LOW HITPOINT WARNING * * *
You hit the orc warrior. You headbutt the orc warrior!
You kill the orc warrior!
Okawaru accepts your kill. The orc closely misses you. You furiously retaliate!
You headbutt the orc! The orc hits you but does no damage.
You closely miss the orc.
The orc is almost dead.
The orc hits you but does no damage.
You hammer the orc like a gong!!!
You kill the orc!
Okawaru accepts your kill. The orc hits you but does no damage.
You feel a little less mighty now. The orc hits you but does no damage.
Things that are here:
a dagger; 23 gold pieces Heini's ghost hits you!
You die...

#### #..###+###. #...........
##############...8.8.8..#.
............#............$.
..................$.........
...............%............
.............)..@)....$.....
....##.......)###Wo........##
.....#........#....[)).......
...................))).......
.)..........................
..))[.....##................
..[.......##................
..##......###......#.#.#.#.
..##......# #............


You could see Heini's ghost and an orc.

Vanquished Creatures
  The ghost of Heini the Bludgeoner, a powerful MiFi of Okawaru (Orc:3)
  Snorg (Orc:2)
  Harold (D:12)
  An ogre mage (D:15)
  A centaur warrior (D:15)
  Erolcha (Orc:1)
  An unseen horror (D:13)
  5 hill giants
  A necromancer (D:15)
  Pikel (D:4)
  4 orc knights
  A deep elf conjurer (D:15)
  7 ugly things
  A wizard (D:15)
  A cyclops (D:13)
  2 orc sorcerers
  A manticore (D:13)
  A centaur zombie (D:11)
  2 kobold demonologists (D:11)
  A naga mage (D:15)
  A gargoyle (D:14)
  A centaur skeleton (D:15)
  A fire drake (D:11)
  An efreet (D:14)
  A troll (D:14)
  A hellwing (Orc:4)
  A merfolk (D:10)
  A polar bear (shapeshifter) (D:12)
  4 two-headed ogres
  2 deep elf magi
  A fire dragon zombie (D:15)
  A griffon skeleton (D:11)
  8 yaks
  A basilisk (D:12)
  4 hungry ghosts
  A wraith (D:10)
  4 wyverns
  Eustachio (D:5)
  2 vampire mosquitoes (D:15)
  4 hippogriffs
  A hill giant skeleton (D:13)
  A mottled dragon (D:13)
  2 wargs
  The ghost of Zrachosh the Archer, an average HEHu (D:3)
  Menkaure (D:4)
  2 soldier ants (D:13)
  3 ice beasts
  An ogre skeleton (D:15)
  A slave (D:4)
  26 orc warriors
  A black bear (D:13)
  18 ogres
  A griffon simulacrum (D:15)
  2 sky beasts
  A phantom (D:14)
  Sigmund (D:5)
  Duvessa (D:8)
  A crocodile (D:9)
  4 centaurs
  2 big kobolds
  4 elf zombies
  2 giant frogs
  A gnoll sergeant (D:12)
  2 scorpions
  4 wights (D:12)
  A troll zombie (D:12)
  4 killer bees
  5 goliath beetles
  Dowan (D:8)
  34 orc priests
  A human zombie (Ossuary)
  2 quasits (D:11)
  A two-headed ogre zombie (D:10)
  3 crimson imps
  A giant frog skeleton (D:4)
  An iguana (D:4)
  A jelly (D:5)
  A shapeshifter simulacrum (D:15)
  3 worker ants
  24 orc wizards
  3 hounds
  2 big kobold zombies (Ossuary)
  Jessica (D:15)
  A big kobold skeleton (D:9)
  3 mummies (Ossuary)
  2 worker ant zombies
  12 adders
  15 gnolls
  2 green rats (D:5)
  5 shadow imps
  7 worms
  2 white imps (D:5)
  3 ufetubi (D:5)
  An iguana zombie (D:9)
  5 adder zombies
  2 iguana skeletons (D:8)
  10 giant geckos
  170 orcs
  A ball python (D:2)
  13 bats
  2 bat skeletons
  A bat zombie (D:5)
  3 giant cockroaches
  A gnoll zombie (Ossuary)
  18 hobgoblins
  14 jackals
  24 kobolds
  5 quokkas
  A giant gecko zombie (D:6)
  2 giant newts
  13 goblins
  3 goblin zombies
  A hobgoblin skeleton (D:4)
  4 hobgoblin zombies (Ossuary)
  4 jackal zombies (Ossuary)
  5 kobold zombies (Ossuary)
  4 orc zombies
  A quokka skeleton (D:6)
  2 quokka zombies
  11 rats
  2 rat zombies (Ossuary)
  A butterfly (Temple)
625 creatures vanquished.

Vanquished Creatures (others)
  A slave (D:4)
  An ogre (D:4)
  An orc wizard (Orc:4)
  3 orcs (Orc:1)
  A bat (D:4)
7 creatures vanquished.

Grand Total: 632 creatures vanquished

Notes
Turn   | Place    | Note
--------------------------------------------------------------
     0 | D:1      | Heini, the Minotaur Fighter, began the quest for the Orb.
     0 | D:1      | Reached XP level 1. HP: 19/19 MP: 1/1
    35 | D:1      | Found a shattered altar of Ashenzari.
    99 | D:1      | Reached skill level 4 in Fighting
   101 | D:1      | Reached XP level 2. HP: 27/27 MP: 1/1
   459 | D:2      | Reached XP level 3. HP: 6/33 MP: 2/2
   466 | D:2      | HP: 1/33 [poisoned by an adder]
   617 | D:2      | Found a glowing silver altar of Zin.
   702 | D:2      | Reached skill level 5 in Armour
   702 | D:2      | Reached XP level 4. HP: 26/41 MP: 2/2
   911 | D:3      | Noticed Zrachosh's ghost (average HEHu)
   921 | D:3      | Killed Zrachosh's ghost
   921 | D:3      | Reached skill level 5 in Fighting
   921 | D:3      | Reached XP level 5. HP: 41/48 MP: 2/2
  1002 | D:3      | Noticed a centaur
  1008 | D:3      | Killed a centaur
  1008 | D:3      | Reached XP level 6. HP: 34/56 MP: 3/3
  1493 | D:4      | Noticed Menkaure
  1499 | D:4      | Reached skill level 6 in Armour
  1519 | D:5      | Entered Level 5 of the Dungeon
  1648 | D:5      | Noticed Eustachio
  1720 | D:5      | Killed Eustachio
  1720 | D:5      | Reached skill level 5 in Maces & Flails
  1720 | D:5      | Reached XP level 7. HP: 54/63 MP: 3/3
  1792 | D:5      | Found a white marble altar of Elyvilon.
  1949 | D:5      | Reached skill level 7 in Armour
  2004 | D:5      | Found a sparkling altar of Nemelex Xobeh.
  2195 | D:5      | Noticed Sigmund
  2202 | D:5      | Killed Sigmund
  2542 | D:4      | Found a staircase to the Ecumenical Temple.
  2550 | Temple   | Entered the Ecumenical Temple
  2559 | Temple   | Became a worshipper of Warmaster Okawaru
  2773 | D:4      | Noticed Pikel
  2803 | D:4      | Killed Pikel
  2803 | D:4      | Acquired Okawaru's first power
  2803 | D:4      | Reached skill level 8 in Armour
  2803 | D:4      | Reached XP level 8. HP: 57/73 MP: 3/3
  2831 | D:4      | Found a glowing golden altar of the Shining One.
  3167 | D:4      | Killed Menkaure
  3177 | D:4      | Found a bloodstained altar of Trog.
  3444 | D:6      | Found Jacuewk's Antique Armour Boutique.
  3521 | D:6      | Found a sand-covered staircase.
  3537 | Ossuary  | Entered an ossuary
  3694 | Ossuary  | Reached skill level 9 in Maces & Flails
  3759 | Ossuary  | Reached XP level 9. HP: 79/81 MP: 4/4
  4252 | D:6      | Found a blossoming altar of Fedhas.
  4873 | D:7      | Reached skill level 10 in Maces & Flails
  5555 | D:8      | Noticed Duvessa
  5555 | D:8      | Noticed Dowan
  5562 | D:8      | Killed Duvessa
  5564 | D:8      | Killed Dowan
  5609 | D:8      | Got a steaming shield
  5620 | D:8      | Identified the +5 shield of Restlessness {Dex+3 Int+3} (You found it on level 8 of the Dungeon)
  6455 | D:9      | Reached skill level 11 in Maces & Flails
  6520 | D:9      | Reached skill level 10 in Armour
  6596 | D:9      | Reached skill level 10 in Fighting
  6596 | D:9      | Reached XP level 10. HP: 33/93 MP: 4/4
  7110 | D:10     | Entered Level 10 of the Dungeon
  7308 | D:10     | Received a gift from Okawaru
  7805 | D:10     | Noticed a hill giant
  7817 | D:10     | Killed a hill giant
  7878 | D:10     | Reached skill level 12 in Maces & Flails
  8113 | D:11     | Noticed a hill giant
  8132 | D:10     | Killed a hill giant
  8132 | D:10     | Acquired Okawaru's second power
  8165 | D:11     | Found a staircase to the Lair.
  8253 | D:11     | Noticed a red ugly thing
  8276 | D:11     | Killed a red ugly thing
  8503 | D:11     | Received a gift from Okawaru
  8503 | D:11     | Reached skill level 13 in Maces & Flails
  8503 | D:11     | Reached XP level 11. HP: 70/102 MP: 4/4
  8555 | D:11     | Noticed a sun demon
  8935 | D:11     | Noticed a cyan ugly thing
  8945 | D:11     | Killed a cyan ugly thing
  9414 | D:11     | Noticed a brown ugly thing
  9424 | D:11     | Killed a brown ugly thing
  9698 | D:12     | Found a staircase to the Orcish Mines.
  9743 | D:12     | Noticed a hill giant
  9757 | D:12     | Killed a hill giant
  9841 | D:12     | Noticed Harold
  9865 | D:12     | Killed Harold
  9954 | D:12     | Found a sparkling altar of Nemelex Xobeh.
  9965 | D:12     | Reached skill level 14 in Maces & Flails
 10547 | D:13     | Killed an unseen horror
 10835 | D:13     | Noticed a hill giant
 10841 | D:13     | Killed a hill giant
 11011 | D:13     | Found a roughly hewn altar of Beogh.
 11106 | D:13     | Reached skill level 15 in Maces & Flails
 11106 | D:13     | Reached XP level 12. HP: 110/113 MP: 6/6
 11524 | D:14     | Found a shadowy altar of Dithmenos.
 11558 | D:14     | Received a gift from Okawaru
 11721 | D:14     | Reached skill level 1 in Evocations
 11736 | D:15     | Entered Level 15 of the Dungeon
 11736 | D:15     | Noticed an ogre mage
 11755 | D:15     | Noticed a centaur warrior
 11773 | D:15     | Killed an ogre mage
 11811 | D:15     | Killed a centaur warrior
 11888 | D:15     | Noticed Jessica
 11896 | D:15     | Found a deep blue altar of Sif Muna.
 11909 | D:15     | Killed Jessica
 12017 | D:15     | Reached skill level 16 in Maces & Flails
 12442 | D:15     | Found a staircase to the Depths.
 12698 | D:14     | Received a gift from Okawaru
 12899 | Orc:1    | Entered Level 1 of the Orcish Mines
 13082 | Orc:1    | Noticed Erolcha
 13096 | Orc:1    | Killed Erolcha
 13283 | Orc:2    | Found Ilulyomp's Antique Armour Boutique.
 13311 | Orc:2    | Found Striobiy's General Store.
 13329 | Orc:2    | Found Kleesk's Armour Boutique.
 13368 | Orc:2    | Found Owuast's Armour Shop.
 13463 | Orc:2    | Found Klijurat's Assorted Antiques.
 13483 | Orc:2    | Bought an uncursed ring of poison resistance for 300 gold pieces
 13675 | Orc:3    | Noticed Snorg
 13876 | Orc:2    | Killed Snorg
 13876 | Orc:2    | Reached skill level 17 in Maces & Flails
 13876 | Orc:2    | Reached XP level 13. HP: 66/123 MP: 9/9
 13894 | Orc:2    | Received a gift from Okawaru
 14142 | Orc:3    | Noticed Heini's ghost (powerful MiFi)
 14156 | Orc:3    | Killed Heini's ghost
 14177 | Orc:3    | Received a gift from Okawaru
 14273 | Orc:3    | Found a staircase to the Elven Halls.
 15226 | Orc:4    | Entered Level 4 of the Orcish Mines
 15474 | Orc:4    | Noticed an orc warlord
 15538 | Orc:4    | HP: 1/125 [orc high priest/divine providence (10)]
 15959 | Orc:4    | Gained mutation: You heal slowly when monsters are visible. [a neqoxec]
 15964 | Orc:4    | Gained mutation: You have difficulty communicating with the divine. [a neqoxec]
 16004 | Orc:4    | Noticed Heini's ghost (powerful MiFi)
 16012 | Orc:4    | Slain by Heini's ghost

Action                   |  1- 3 |  4- 6 |  7- 9 | 10-12 | 13-15 || total
-------------------------+-------+-------+-------+-------+-------++-------
Melee: Flail             |    85 |   138 |   604 |   647 |       ||  1474
       Great mace        |       |       |       |   131 |   301 ||   432
       Dire flail        |       |       |       |    64 |       ||    64
Invok: Heroism           |       |       |       |       |     1 ||     1
Evoke: Wand              |       |       |       |    17 |       ||    17
  Use: Scroll            |     3 |       |    14 |    11 |     1 ||    29
       Potion            |     3 |       |     1 |     1 |     1 ||     6
 Stab: Paralysed         |       |       |       |     1 |       ||     1
  Eat: Chunk             |       |     3 |    11 |    17 |     7 ||    38
       Bread ration      |       |       |     1 |       |       ||     1
       Fruit             |       |       |     1 |     2 |       ||     3
       Meat ration       |       |       |       |     1 |       ||     1
